Map: Lerilak Crest

Players

LilDicky

  • Race: Terran Terran
  • League: Diamond

Tjmax - Winner!

  • Race: Zerg Zerg
  • League: Platinum

VOD

http://www.twitch.tv/tumescentpie

Description

Time

  • Played on: Nov. 30, 2015, 11:26 a.m.
  • Length: 36:53
Show
View Real Time Build Order
Export as new Build Order

LilDicky Terran 

Build Orders:  

Get SALT Encoding   

  12  0:01  SCV  
  13  0:13  SCV  
  14  0:17  Supply Depot  
  14  0:25  SCV  
  15  0:32  Refinery  
  15  0:39  SCV  
  16  0:51  SCV  
  17  0:57  Barracks  
  17  1:03  SCV  
  18  1:13  Refinery  
  18  1:15  SCV  
  19  1:27  SCV  
  21  1:44  Reaper  
  21  1:46  Orbital Command  
  21  1:54  Command Center  
  21  2:01  Refinery  
  21  2:15  SCV  
  22  2:18  Supply Depot  
  22  2:20  Marine  
  23  2:28  Factory  
  23  2:40  SCV  
  24  3:01  Barracks Tech Lab  
  24  3:06  SCV  
  24  3:07  Bunker  
  25  3:24  Orbital Command  
  26  3:31  Starport  
  26  3:32  SCV  
  26  3:37  Siege Tank  
  26  3:40  Barracks Reactor  
  29  3:46  SCV, Supply Depot  
  30  3:51  Supply Depot, SCV  
  30  4:03  Liberator  
  30  4:18  SCV  
  30  4:19  SCV, Engineering Bay  
  30  4:20  Siege Tank  
  38  4:32  Command Center, SCV  
  38  4:34  SCV  
  38  4:36  Marine x2  
  42  4:43  Refinery  
  42  4:44  SCV  
  43  4:45  Refinery  
  43  4:46  SCV  
  44  4:55  Siege Tank  
  44  4:56  SCV  
  48  5:00  SCV  
  49  5:07  Liberator x2  
  49  5:13  SCV x2  
  51  5:25  Barracks  
  51  5:27  Barracks  
  57  5:33  Engineering Bay  
  57  5:38  Marine  
  57  5:41  SCV  
  59  5:56  Orbital Command  
  59  5:58  SCV  
  59  5:59  SCV  
  59  6:00  Supply Depot, Barracks Reactor  
  61  6:04  Siege Tank  
  64  6:16  Command Center  
  64  6:33  SCV  
  64  6:36  Terran Infantry Weapons Level 1, Terran Infantry Armor Level 1  
  65  6:45  Liberator x2  
  65  6:59  Orbital Command  
  65  7:00  SCV x2  
  68  7:04  Barracks Tech Lab x2  
  73  7:09  Barracks x2  
  73  7:12  SCV x2  
  75  7:24  SCV  
  75  7:25  SCV x2  
  78  7:36  SCV  
  80  7:37  SCV x2  
  80  7:38  Planetary Fortress  
  80  7:43  Missile Turret  
  81  7:46  Missile Turret  
  81  7:48  SCV  
  81  7:49  SCV  
  83  7:52  Marine  
  83  7:53  Command Center  
  83  7:57  Refinery  
  83  7:58  Starport  
  84  8:00  Liberator x2  
  84  8:01  Refinery  
  85  8:05  SCV x2  
  85  8:06  SCV  
  85  8:10  Marine x2  
  85  8:11  Marine x3  
  85  8:12  Barracks Reactor  
  92  8:14  Stimpack  
  92  8:15  Combat Shields  
  98  8:26  Missile Turret x2  
  98  8:27  Missile Turret  
  98  8:28  Missile Turret  
  95  8:42  Missile Turret x2  
  95  8:44  SCV, Missile Turret  
  95  8:46  Command Center  
  96  8:49  Marine x2  
  96  8:54  SCV  
  99  8:55  Armory  
  99  8:56  Armory, SCV  
  99  8:57  Supply Depot  
  100  9:03  SCV  
  100  9:08  Supply Depot  
  100  9:09  Supply Depot, Marine x3  
  103  9:10  Marine x2  
  103  9:12  Orbital Command, Starport Tech Lab  
  106  9:24  Missile Turret  
  106  9:25  Liberator  
  106  9:26  SCV x3  
  109  9:32  Corvid Reactor  
  109  9:36  Siege Tank  
  112  9:38  SCV x2  
  112  9:39  Banshee  
  112  9:45  Terran Vehicle And Ship Armor Level 1  
  120  9:47  Terran Ship Weapons Level 1  
  120  9:56  Supply Depot  
  120  9:57  Missile Turret  
  120  9:58  Supply Depot  
  120  10:01  Missile Turret  
  120  10:13  Liberator x2  
  120  10:21  Marine x5  
  121  10:22  Marauder x2  
  129  10:28  Raven  
  129  10:30  Starport  
  137  10:51  Cloaking Field  
  137  10:56  Liberator  
  137  11:10  Missile Turret  
  137  11:11  Command Center  
  137  11:13  Missile Turret  
  140  11:25  Liberator x2  
  140  11:29  Planetary Fortress  
  140  11:32  Missile Turret x3  
  140  11:33  Missile Turret  
  140  11:35  Missile Turret  
  140  11:38  Starport Tech Lab  
  142  12:10  Liberator x2  
  142  12:13  Marine  
  142  12:14  Marauder, Marine x2  
  147  12:25  Raven  
  147  12:26  Raven  
  157  12:31  Refinery  
  157  12:32  Refinery  
  157  12:51  Thor  
  163  13:01  Missile Turret  
  163  13:03  Starport  
  163  13:04  Terran Ship Weapons Level 2, Terran Vehicle And Ship Armor Level 2, Starport  
  163  13:08  Raven x2  
  163  13:12  Fusion Core  
  167  13:15  High Capacity Fuel Tanks  
  167  13:17  Medivac x2  
  167  13:19  Concussive Shells, Marine  
  172  13:35  SCV x3  
  172  13:36  SCV  
  172  13:40  Command Center  
  176  13:47  Medivac  
  178  13:51  Raven x2  
  174  14:13  Planetary Fortress  
  174  14:20  Missile Turret x2  
  174  14:21  Missile Turret  
  174  14:27  Command Center  
  174  14:34  Siege Tank, Raven  
  143  15:19  Raven x2  
  143  15:20  Viking x2  
  144  15:50  Viking  
  146  16:02  Raven  
  148  16:11  Thor  
  148  16:14  Starport Tech Lab x2  
  135  16:34  Marine x3  
  135  16:35  Marine x4  
  135  16:36  Terran Vehicle And Ship Armor Level 3, Terran Ship Weapons Level 3  
  135  16:38  Raven x2  
  140  16:52  Marine x2  
  140  16:53  Marauder  
  122  18:02  Liberator  
  104  18:06  Thor  
  104  18:08  Banshee x2  
  104  18:09  Banshee x2  
  110  18:51  Banshee x3  
  119  18:59  Marine  
  119  19:00  Marine x6  
  126  19:17  Marine x5  
  126  19:18  Marine x2  
  133  19:35  Marine x7  
  140  19:52  Marine  
  140  19:53  Marine x6  
  147  20:10  Marine  
  147  20:11  Marine x6  
  148  20:17  Medivac x2  
  148  20:18  Medivac  
  148  20:21  Raven x3  
  148  20:28  Marine  
  154  20:29  Marine x6  
  161  20:46  Marine x2  
  163  20:51  Marine  
  163  20:52  Marine x4  
  168  21:00  Command Center  
  168  21:04  Marine x2  
  168  21:08  Command Center  
  168  21:09  Marine  
  168  21:10  Marine x4  
  175  21:22  Marine x2  
  177  21:27  Marine  
  177  21:28  Marauder, Marine x3  
  177  21:31  Refinery  
  183  21:33  Refinery  
  170  21:42  Refinery  
  170  21:45  Refinery  
  170  21:51  Command Center  
  170  21:55  Marine  
  170  21:56  Marine x6  
  177  22:13  Marine x2  
  177  22:14  Marine x5  
  178  22:31  Marine x5  
  178  22:32  Marine x2  
  183  22:49  Marine x5  
  183  22:50  Marauder  
  184  22:55  Marine  
  184  22:57  Medivac x2  
  180  23:06  Marine  
  180  23:07  Marine x2  
  183  23:16  Orbital Command  
  183  23:24  Orbital Command  
  177  23:40  Marine  
  117  24:33  Banshee x4  
  102  24:44  Marine  
  102  24:45  Marauder x2  
  79  24:58  Marine x4  
  83  25:02  Refinery, Marine  
  83  25:04  Refinery  
  83  25:06  Marine x2  
  84  25:13  Command Center  
  68  25:15  Banshee  
  68  25:16  Banshee, Marine x4  
  68  25:19  Marine  
  79  25:23  Marine x2  
  81  25:33  Marine  
  81  25:34  Marine  
  78  25:40  Marine  
  78  25:41  Marine x4  
  78  25:42  Medivac  
  77  25:51  Marine  
  77  25:52  Marine  
  79  25:58  Marine  
  79  25:59  Marine x2  
  79  26:03  Refinery  
  82  26:32  Marine  
  71  26:33  Marine x4  
  75  26:52  Orbital Command  
  52  27:26  Marine x2  
  52  27:27  Marine x5  
  59  27:44  Marine x3  
  59  27:45  Marine x4  
  59  27:50  Refinery  
  65  28:02  Marine x3  
  65  28:03  Marine x4  
  51  29:18  Orbital Command  
  27  30:01  SCV  
  27  30:02  Marine x2  
  28  31:10  Command Center  
  28  31:55  Marine x2  
  28  31:57  Marine  
  29  33:55  Hellion  
  28  33:59  Marine x2  
  30  34:05  Refinery  
  30  34:12  Marine x3  
  30  34:13  Marine  
  34  34:19  Marine  
  34  34:20  Marine  
  36  34:26  Marine  
  36  34:30  Marine x2  
  35  34:50  SCV  
  35  34:52  SCV x2  
  36  34:53  Marine  
  33  35:29  Marine  
Show
View Real Time Build Order
Export as new Build Order

Tjmax Zerg - Winner!

Build Orders: Hatch First 

Get SALT Encoding   

  12  0:07  Drone  
  12  0:13  Overlord  
  13  0:21  Drone  
  14  0:31  Drone x2  
  16  0:40  Drone  
  17  1:01  Drone  
  17  1:02  Hatchery, Drone  
  18  1:12  Drone  
  19  1:20  Spawning Pool  
  19  1:23  Drone  
  19  1:25  Extractor  
  18  1:33  Drone  
  19  1:57  Overlord  
  19  2:08  Zergling x2  
  19  2:09  Zergling x2  
  19  2:13  Queen  
  23  2:19  Queen  
  23  2:21  Zergling x2  
  26  2:24  Drone x2  
  29  2:30  Drone  
  29  2:36  Drone  
  30  3:04  Metabolic Boost  
  30  3:05  Queen x2  
  30  3:09  Drone x2, Overlord  
  36  3:18  Extractor  
  35  3:31  Drone  
  35  3:32  Drone x5  
  42  3:49  Overlord  
  42  4:00  Drone  
  42  4:01  Drone  
  42  4:02  Overlord  
  44  4:12  Extractor x2  
  44  4:14  Extractor  
  41  4:22  Spine Crawler  
  41  4:23  Hatchery, Spine Crawler  
  38  4:24  Spore Crawler  
  38  4:26  Drone x4  
  38  4:27  Drone x3  
  41  4:32  Overlord  
  41  4:53  Drone x5  
  41  4:55  Lair  
  46  5:11  Evolution Chamber  
  46  5:13  Evolution Chamber, Spine Crawler  
  43  5:16  Drone x4  
  43  5:17  Drone x2  
  49  5:24  Overlord  
  49  5:41  Queen  
  51  5:48  Drone x5  
  56  5:51  Overlord x2  
  56  5:57  Spire  
  56  5:58  Extractor  
  56  5:59  Extractor  
  53  6:14  Zergling x2  
  53  6:15  Zergling x22  
  65  6:20  Zerg Missile Weapons Level 1, Zerg Ground Armor Level 1  
  65  6:29  Roach Warren  
  64  6:36  Drone  
  65  6:44  Drone, Overlord  
  65  6:45  Drone x3  
  65  7:02  Spore Crawler  
  65  7:05  Drone x2  
  65  7:06  Drone x6  
  70  7:19  Queen  
  70  7:20  Mutalisk x4  
  70  7:21  Mutalisk, Roach  
  84  7:46  Spine Crawler x2  
  82  7:53  Mutalisk x2  
  82  7:54  Mutalisk x2  
  82  7:57  Overlord x3  
  89  8:16  Drone x3  
  89  8:17  Drone x4  
  89  8:18  Glial Reconstitution  
  96  8:20  Zerg Flyer Weapons Level 1  
  96  8:22  Mutalisk  
  98  8:39  Overlord  
  98  8:41  Overlord  
  98  8:45  Zerg Ground Armor Level 2, Zerg Missile Weapons Level 2  
  98  9:02  Drone x3  
  101  9:03  Drone x2  
  101  9:04  Hatchery  
  101  9:06  Hatchery  
  101  9:07  Extractor  
  101  9:09  Extractor  
  101  9:17  Roach x5  
  101  9:18  Roach  
  101  9:20  Overlord, Spine Crawler  
  101  9:22  Spine Crawler  
  101  9:23  Spore Crawler  
  108  9:27  Spore Crawler  
  108  9:29  Baneling Nest  
  106  9:55  Infestation Pit  
  105  10:05  Roach x5  
  105  10:06  Roach x5  
  125  10:10  Overlord x2  
  125  10:27  Pneumatized Carapace, Zerg Flyer Weapons Level 2  
  125  10:30  Overseer x2  
  125  10:32  Overseer  
  125  10:55  Ravager x5  
  125  10:56  Ravager x8  
  125  10:57  Ravager x4  
  140  11:02  Corruptor x5  
  152  11:12  Hive  
  152  11:18  Zerg Melee Weapons Level 1  
  152  11:20  Hydralisk Den  
  151  11:39  Corruptor x3  
  157  11:47  Overlord  
  157  11:48  Overlord x2  
  157  11:54  Muscular Augments  
  157  12:05  Overlord  
  157  12:06  Overlord  
  157  12:19  Corruptor x2  
  157  12:22  Mutalisk x4  
  169  12:32  Viper x2  
  174  12:53  Overlord x2  
  174  12:56  Zerg Flyer Armor Level 1  
  174  12:57  Pathogen Glands  
  174  13:01  Overlord x3  
  174  13:19  Adrenal Glands  
  174  13:23  Zerg Missile Weapons Level 3  
  174  13:24  Zerg Ground Armor Level 3  
  174  13:35  Viper, Extractor  
  174  13:36  Extractor  
  175  13:46  Hatchery  
  173  13:58  Hatchery, Extractor  
  173  14:01  Extractor  
  170  14:30  Infestor x5  
  170  14:31  Infestor x2  
  171  15:32  Hydralisk x3  
  171  15:33  Hydralisk x2, Roach x5  
  176  15:45  Hydralisk x4, Roach  
  176  15:46  Roach x2  
  180  15:50  Overlord x2  
  180  16:48  Viper x2  
  180  16:53  Hydralisk x2, Roach x2  
  194  16:56  Overlord x2  
  148  18:06  Hydralisk x4  
  148  18:07  Roach x3  
  148  18:12  Overseer  
  160  18:17  Roach  
  152  18:49  Hydralisk x2  
  151  19:56  Corruptor x2  
  151  19:59  Overseer x2  
  151  20:17  Hydralisk x2  
  151  20:18  Hydralisk x4, Roach x4  
  151  20:19  Roach  
  173  20:37  Hydralisk x2, Roach x3  
  173  20:38  Roach  
  185  21:01  Overlord  
  185  21:12  Spore Crawler  
  185  21:13  Spore Crawler x2  
  185  21:15  Extractor x2  
  176  21:42  Hydralisk x2  
  180  21:47  Lair  
  174  21:59  Spore Crawler  
  173  22:01  Spore Crawler x2  
  173  22:02  Spine Crawler x2  
  173  22:06  Spine Crawler  
  168  22:13  Roach Warren  
  168  22:15  Spawning Pool  
  154  22:57  Hydralisk x3  
  154  22:58  Hydralisk x4, Roach x5  
  172  22:59  Roach  
  180  23:08  Infestation Pit  
  159  24:04  Hydralisk  
  159  24:05  Hydralisk x2, Roach x3  
  150  24:46  Overlord x2  
  150  25:14  Roach x4  
  150  25:15  Roach  
  150  25:19  Drone x4  
  164  25:34  Roach x2  
  168  26:00  Lair  
  167  26:25  Hatchery  
  167  26:30  Extractor  
  165  26:58  Overlord x2  
  165  26:59  Overlord  
  165  27:30  Hatchery  
  164  27:40  Spawning Pool  
  163  27:45  Roach x2  
  167  28:34  Lair  
  167  28:39  Roach Warren  
  155  29:56  Lair  
  155  30:01  Spine Crawler  
  155  30:02  Spine Crawler  
  155  30:03  Spine Crawler  
  155  30:04  Drone x2  
  154  31:05  Overseer x3  
  154  31:12  Spire  
  153  31:43  Spore Crawler  
  146  31:57  Hatchery  
  141  32:05  Hatchery  
  141  32:07  Queen  
  142  32:21  Overlord x2  
  138  33:20  Drone x2  
  138  33:21  Drone x2  
  138  33:25  Queen  
  144  33:57  Mutalisk x6  
  144  33:58  Mutalisk x2  
  160  34:06  Hydralisk Den  
  159  34:11  Queen  
  159  34:13  Queen  
  159  34:15  Drone x4  
  167  34:48  Hydralisk x2  
  167  34:49  Hydralisk x4, Roach x3  
  167  34:50  Roach x2  
  189  35:03  Drone x3  
  192  35:21  Mutalisk  
  192  35:22  Mutalisk x3  
  200  36:27  Spine Crawler  
Tags
 
Add a new tag
Caveats
  • Supply blocks, unpowered buildings, or Contaminate may cause inaccurate times.
  • Supply counts are checked every 10 seconds.